Map: Glittering Ashes LE

Players

Popcorn

  • Race: Protoss Protoss
  • League: Diamond

BUCKETGEARED - Winner!

  • Race: Zerg Zerg
  • League: Diamond

VOD

Have the link to the VOD?

Description

Time

  • Played on: Dec. 30, 2021, 9:05 p.m.
  • Length: 23:40
Show
View Real Time Build Order
Export as new Build Order

Popcorn Protoss 

Build Orders: 1 Gate Expand, Carriers 

Get SALT Encoding   

  12  0:00  Probe  
  13  0:12  Probe (Chrono Boost)  
  14  0:21  Pylon  
  14  0:24  Probe (Chrono Boost)  
  15  0:34  Assimilator  
  15  0:46  Gateway  
  15  0:47  Probe  
  16  0:59  Probe (Chrono Boost)  
  18  1:11  Probe (Chrono Boost)  
  18  1:18  Probe (Chrono Boost)  
  19  1:33  Nexus  
  19  1:40  Cybernetics Core  
  19  1:45  Assimilator, Probe  
  20  1:57  Pylon, Probe  
  21  2:10  Probe  
  21  2:14  Adept (Chrono Boost)  
  22  2:22  Probe  
  25  2:24  Stargate  
  25  2:34  Probe (Chrono Boost)  
  26  2:39  Adept  
  26  2:41  Warp Gate  
  28  2:45  Probe (Chrono Boost)  
  30  2:52  Probe (Chrono Boost)  
  30  2:54  Probe (Chrono Boost)  
  32  2:59  Probe x2 (Chrono Boost), Void Ray (Chrono Boost)  
  33  3:10  Probe  
  38  3:14  Sentry  
  38  3:17  Assimilator  
  40  3:20  Pylon  
  40  3:24  Probe  
  40  3:25  Probe  
  42  3:36  Probe  
  42  3:37  Probe  
  42  3:40  Adept  
  47  3:48  Probe  
  47  3:51  Probe  
  47  3:52  Pylon  
  48  3:56  Gateway x2  
  48  4:00  Probe  
  48  4:02  Void Ray  
  49  4:03  Probe  
  53  4:12  Probe  
  54  4:21  Pylon  
  54  4:29  Shield Battery  
  54  4:32  Assimilator, Adept  
  56  4:43  Pylon  
  56  4:49  Probe  
  56  4:50  Oracle  
  56  4:52  Protoss Air Weapons Level 1  
  52  5:01  Probe  
  52  5:02  Probe  
  54  5:13  Probe  
  55  5:16  Sentry  
  55  5:18  Adept x2  
  60  5:23  Probe  
  61  5:41  Probe  
  62  5:44  Probe  
  63  5:51  Stargate  
  63  5:53  Fleet Beacon, Probe  
  64  5:58  Pylon  
  64  6:03  Probe  
  64  6:12  Probe  
  64  6:17  Zealot x3  
  64  6:18  Nexus  
  71  6:24  Pylon  
  71  6:27  Probe  
  71  6:28  Pylon  
  72  6:34  Probe  
  72  6:37  Carrier x2 (Chrono Boost)  
  72  6:39  Probe  
  82  6:48  Pylon x2  
  82  6:49  Stalker x2  
  82  6:50  Stalker  
  86  6:56  Protoss Air Weapons Level 2 (Chrono Boost)  
  86  6:57  Probe  
  87  7:02  Assimilator, Probe  
  87  7:06  Assimilator  
  88  7:22  Stalker x3  
  92  7:24  Probe x2  
  96  7:33  Probe, Void Ray (Chrono Boost)  
  97  7:43  Void Ray (Chrono Boost)  
  105  7:48  Zealot x3  
  107  7:59  Probe, Shield Battery  
  107  8:00  Shield Battery  
  107  8:02  Shield Battery  
  108  8:08  Pylon  
  108  8:10  Forge  
  108  8:11  Carrier (Chrono Boost)  
  108  8:16  Carrier (Chrono Boost)  
  120  8:43  Stalker x3  
  120  8:45  Protoss Shields Level 1  
  126  8:49  Probe x2  
  126  8:50  Probe  
  129  9:06  Stalker x2  
  133  9:11  Twilight Council  
  133  9:35  Pylon  
  133  9:42  Pylon  
  133  9:45  Photon Cannon  
  133  9:47  Void Ray  
  133  9:48  Photon Cannon  
  133  9:49  Pylon, Nexus  
  133  9:51  Stargate  
  133  9:53  Probe  
  133  9:54  Void Ray  
  133  9:55  Stargate  
  133  9:58  Zealot  
  140  10:01  Zealot x2  
  147  10:22  Blink (Chrono Boost)  
  147  10:34  Dark Shrine  
  147  10:38  Void Ray x2  
  145  10:47  Pylon  
  145  10:48  Protoss Air Weapons Level 3 (Chrono Boost)  
  145  10:49  Pylon  
  149  10:51  Pylon  
  149  10:52  Pylon  
  149  10:58  Photon Cannon  
  149  10:59  Photon Cannon, Void Ray  
  149  11:00  Shield Battery  
  149  11:01  Void Ray  
  149  11:05  Probe  
  158  11:16  Protoss Shields Level 2 (Chrono Boost)  
  158  11:26  Nexus  
  158  11:28  Pylon  
  158  11:29  Pylon  
  158  11:33  Void Ray  
  158  11:34  Void Ray  
  158  11:36  Void Ray  
  126  11:52  Void Ray  
  122  11:55  Zealot x2  
  122  11:56  Zealot  
  122  11:59  Flux Vanes  
  132  12:11  Void Ray x2  
  132  12:16  Dark Templar x3  
  146  12:28  Probe x2  
  142  12:38  Nexus  
  142  12:40  Pylon  
  142  13:12  Gateway  
  142  13:18  Dark Templar  
  142  13:19  Dark Templar, Stalker  
  148  13:23  Archon  
  148  13:28  Archon  
  127  13:50  Stalker  
  127  13:51  Stalker  
  127  13:52  Stalker  
  129  14:06  Void Ray x2 (Chrono Boost)  
  129  14:07  Void Ray x2 (Chrono Boost)  
  123  14:13  Gateway  
  123  14:15  Gateway  
  139  14:18  Gateway  
  139  14:19  Pylon  
  139  14:20  Pylon  
  139  14:27  Dark Templar x3  
  139  14:28  Dark Templar  
  147  14:31  Archon  
  147  14:32  Archon  
  147  14:50  Nexus  
  147  14:51  Pylon  
  147  14:52  Pylon  
  147  14:55  Protoss Shields Level 3  
  147  15:00  Stalker x3  
  147  15:01  Stalker  
  147  15:05  Protoss Air Armor Level 1 (Chrono Boost)  
  155  15:17  Shield Battery  
  155  15:18  Shield Battery  
  155  15:20  Shield Battery  
  155  15:23  Void Ray (Chrono Boost)  
  155  15:25  Assimilator  
  155  15:26  Carrier (Chrono Boost), Robotics Facility  
  155  15:30  Assimilator  
  171  15:37  Carrier (Chrono Boost)  
  171  15:38  Dark Templar  
  171  15:40  Dark Templar  
  175  15:53  Probe  
  164  16:03  Void Ray (Chrono Boost)  
  164  16:04  Void Ray (Chrono Boost)  
  153  16:21  Void Ray (Chrono Boost)  
  153  16:22  Nexus  
  153  16:27  Shield Battery  
  157  16:36  Templar Archives  
  157  16:49  Stalker x5  
  157  16:50  Stalker  
  169  16:56  Observer  
  170  17:08  Assimilator  
  164  17:38  Void Ray x3  
  164  17:43  Nexus  
  168  17:49  Stalker  
  168  17:50  Stalker x2  
  182  18:00  Assimilator  
  182  18:05  Assimilator  
  182  18:09  Pylon, Void Ray  
  182  18:10  Pylon  
  154  18:28  Void Ray  
  128  18:35  Void Ray  
  90  19:04  Dark Templar  
  87  19:40  Stalker x5  
  87  19:45  Dark Templar  
  99  19:50  Archon  
  99  19:51  Zealot  
  101  20:00  Probe x3  
  101  20:01  Probe  
  105  20:12  High Templar x2, Probe  
  110  20:16  Archon  
  110  20:27  Shield Battery  
  110  20:30  Dark Templar  
  110  20:31  Dark Templar  
  110  20:35  Archon  
  114  20:41  Protoss Ground Weapons Level 1 (Chrono Boost)  
  114  20:53  Stalker x2  
  114  20:56  Immortal (Chrono Boost)  
  122  21:18  Nexus  
  121  21:35  Nexus  
  121  21:46  Probe x2  
  123  22:01  Pylon  
  123  22:02  Stalker x5  
  133  22:12  Dark Templar x2  
  141  22:22  Immortal  
  141  22:29  Void Ray  
  141  22:40  Void Ray  
  85  23:06  Stalker x2  
Show
View Real Time Build Order
Export as new Build Order

BUCKETGEARED Zerg - Winner!

Build Orders: Hatch First 

Get SALT Encoding   

  12  0:02  Drone  
  13  0:12  Overlord  
  13  0:16  Drone  
  14  0:30  Drone x2  
  16  0:48  Hatchery  
  15  0:51  Drone  
  15  0:54  Drone  
  17  0:58  Drone  
  18  1:08  Extractor  
  17  1:13  Spawning Pool  
  17  1:16  Drone  
  17  1:20  Drone  
  18  1:29  Drone  
  19  1:39  Drone  
  20  1:52  Overlord  
  20  2:00  Queen x2  
  20  2:01  Zergling x4  
  26  2:11  Drone x2  
  26  2:13  Metabolic Boost  
  28  2:23  Drone x2  
  30  2:36  Drone  
  31  2:41  Drone  
  31  2:42  Hatchery  
  31  2:43  Drone  
  32  2:49  Evolution Chamber, Drone  
  32  2:54  Overlord  
  32  3:06  Drone x2  
  32  3:07  Drone  
  32  3:09  Drone  
  32  3:12  Queen  
  38  3:15  Zerg Melee Weapons Level 1  
  38  3:23  Baneling Nest  
  38  3:25  Queen  
  39  3:34  Drone  
  39  3:35  Drone x3  
  39  3:36  Drone  
  39  3:41  Overlord  
  44  3:46  Overlord  
  44  3:48  Overlord  
  44  3:58  Queen  
  44  4:00  Drone  
  44  4:01  Queen  
  49  4:14  Zergling x2  
  49  4:15  Zergling x14  
  49  4:16  Zergling x2  
  58  4:21  Overlord  
  58  4:22  Overlord  
  58  4:39  Queen x2  
  58  4:41  Zergling x4  
  58  4:42  Zergling x8  
  64  4:56  Drone x9  
  73  5:01  Lair  
  73  5:08  Baneling x5  
  73  5:09  Baneling x2  
  73  5:14  Overlord x2  
  72  5:32  Queen x2  
  71  5:41  Drone x5  
  71  5:42  Drone x2  
  74  5:43  Drone x3  
  74  5:46  Extractor x2  
  75  5:56  Hatchery  
  71  6:07  Zerg Melee Weapons Level 2  
  71  6:09  Drone x4  
  71  6:10  Drone x2  
  77  6:16  Spore Crawler, Drone x2  
  77  6:17  Spore Crawler, Drone x2  
  79  6:19  Spore Crawler  
  79  6:20  Extractor  
  79  6:21  Drone x3  
  79  6:23  Extractor  
  79  6:25  Extractor  
  78  6:28  Drone x3  
  78  6:29  Drone  
  78  6:30  Overlord x2  
  78  6:31  Overlord  
  82  7:00  Zergling x2  
  82  7:01  Zergling x22  
  94  7:09  Spire  
  94  7:10  Infestation Pit  
  92  7:16  Drone x2  
  92  7:19  Drone x3  
  92  7:20  Drone x3  
  100  7:23  Spire  
  100  7:24  Zergling x4  
  93  7:57  Queen x2  
  93  7:58  Queen  
  97  8:00  Drone  
  98  8:07  Drone  
  98  8:08  Drone x12  
  98  8:09  Drone  
  98  8:10  Overlord x6  
  98  8:11  Overlord x2  
  112  8:15  Hatchery  
  112  8:16  Hatchery  
  110  8:20  Hive  
  110  8:21  Zerg Flyer Weapons Level 1  
  108  8:34  Drone x2  
  108  8:35  Drone x2  
  108  8:36  Extractor  
  108  8:37  Extractor, Drone x3  
  108  8:38  Drone x3  
  116  8:48  Zergling x8  
  117  8:49  Zergling x16  
  128  9:08  Zerg Flyer Armor Level 1  
  128  9:13  Overlord  
  128  9:14  Overlord x5  
  128  9:16  Zergling x14  
  128  9:17  Spore Crawler, Zergling x2  
  136  9:20  Spore Crawler x2  
  136  9:21  Spore Crawler  
  136  9:23  Spore Crawler x2  
  130  9:29  Spore Crawler  
  130  9:31  Spore Crawler  
  128  9:40  Corruptor x12  
  128  9:42  Corruptor  
  154  9:59  Zerg Melee Weapons Level 3  
  154  10:00  Adrenal Glands  
  154  10:04  Corruptor  
  154  10:05  Corruptor x5  
  166  10:19  Corruptor x2  
  166  10:20  Corruptor  
  170  10:22  Zergling x2  
  170  10:23  Zergling x16  
  170  10:24  Zergling x2  
  180  10:43  Zergling x2  
  180  10:44  Zergling x38  
  200  11:11  Zerg Flyer Weapons Level 2, Greater Spire  
  200  11:14  Pneumatized Carapace  
  200  11:18  Spore Crawler  
  200  11:19  Spore Crawler  
  198  11:26  Corruptor  
  167  11:50  Corruptor  
  167  11:51  Corruptor x17  
  174  12:13  Viper x2  
  180  12:16  Zergling x14  
  180  12:17  Zergling x24  
  199  12:46  Hatchery  
  199  12:49  Overseer x7  
  199  12:50  Overseer  
  198  12:51  Overseer  
  198  12:52  Overseer  
  198  12:57  Zerg Flyer Armor Level 2  
  198  13:01  Zerg Ground Armor Level 1  
  198  13:13  Overlord x2  
  198  13:14  Overlord x4  
  198  13:26  Zergling x2  
  164  13:57  Corruptor  
  164  13:58  Corruptor x6  
  178  14:08  Viper x3  
  187  14:14  Zergling x18  
  196  14:49  Hatchery, Spine Crawler  
  196  14:50  Spore Crawler  
  196  14:51  Spore Crawler, Spine Crawler  
  191  14:54  Spine Crawler  
  190  15:00  Spine Crawler  
  190  15:03  Brood Lord x3  
  190  15:04  Brood Lord x2  
  190  15:06  Zergling x2  
  200  15:15  Spine Crawler  
  199  15:25  Hydralisk Den  
  199  15:27  Evolution Chamber x2  
  199  15:28  Ultralisk Cavern  
  196  15:29  Spore Crawler  
  196  15:30  Zerg Ground Armor Level 2  
  195  15:37  Spine Crawler  
  195  15:38  Spore Crawler  
  163  16:08  Zergling x2  
  163  16:09  Zergling x36  
  163  16:10  Zergling x36  
  200  16:15  Chitinous Plating  
  195  16:30  Grooved Spines  
  195  16:35  Lurker Den  
  195  16:37  Corruptor x3  
  200  16:59  Spine Crawler  
  193  17:33  Anabolic Synthesis  
  175  17:41  Muscular Augments  
  159  17:45  Brood Lord  
  159  17:46  Brood Lord x4  
  159  17:47  Corruptor  
  159  17:48  Corruptor x6  
  159  17:51  Ultralisk  
  189  17:52  Ultralisk  
  189  17:53  Zergling x4  
  189  17:54  Zergling x6  
  146  18:37  Corruptor  
  146  18:38  Corruptor x16  
  140  18:58  Zergling x20  
  140  18:59  Zergling x12  
  140  19:00  Zergling x2  
  140  19:02  Zergling x2  
  158  19:15  Viper x3  
  164  19:28  Corruptor  
  164  19:29  Corruptor x2  
  168  19:52  Hydralisk x2  
  168  19:53  Hydralisk x7  
  168  19:58  Pathogen Glands  
  186  20:08  Drone x2  
  186  20:09  Drone  
  186  20:10  Drone x4  
  186  20:11  Drone  
  186  20:12  Drone  
  186  20:14  Drone  
  196  20:17  Zergling x2  
  196  20:18  Zergling x4  
  196  20:20  Zergling x2  
  200  20:46  Extractor  
  200  20:48  Extractor  
  198  20:55  Hydralisk  
  182  21:34  Hydralisk x7  
  182  21:38  Infestor  
  182  21:39  Infestor  
  200  21:43  Overseer x5  
  200  21:44  Overseer  
  200  21:46  Overseer  
  200  21:47  Overlord x4  
  200  21:58  Extractor  
  200  22:01  Hatchery  
  198  22:02  Extractor  
  197  22:13  Extractor  
  196  22:17  Spore Crawler x2  
  196  22:19  Extractor, Spore Crawler x4  
  196  22:20  Spore Crawler  
  196  22:21  Spore Crawler  
  171  22:30  Zergling x2  
  171  22:31  Zergling x56  
  151  23:04  Hydralisk  
  151  23:05  Hydralisk x11  
  140  23:06  Hydralisk x7  
Tags
 
Add a new tag
Caveats
  • Supply blocks, unpowered buildings, or Contaminate may cause inaccurate times.
  • Supply counts are checked every 10 seconds.